 Dungeon Crawl Stone Soup version 0.27.1-3-gb3d3a73c9e (webtiles) character file.

Game seed: 14271226519175318851

1141 omarspendo the Chopper (level 8, -1/70 HPs)
             Began as a Hill Orc Fighter on Oct 21, 2021.
             Was an Initiate of Trog.
             Slain by a steam dragon (2 damage)
             ... on level 6 of the Dungeon.
             The game lasted 00:40:28 (8555 turns).

omarspendo the Chopper (Hill Orc Fighter)           Turns: 8555, Time: 00:40:29

Health: -1/70      AC: 12    Str: 19    XL:     8   Next: 37%
Magic:  0/8        EV:  8    Int:  8    God:    Trog [......]
Gold:   500        SH: 12    Dex: 12    Spells: 7/7 levels left

rFire    . . .     SeeInvis .   o - +4 whip
rCold    . . .     Faith    .   B - +2 kite shield
rNeg     . . .     Spirit   +   b - +0 scale mail
rPois    .         Reflect  .   (no helmet)
rElec    .         Harm     .   (no cloak)
rCorr    .         Rampage  .   (no gloves)
Will     .....                  l - +0 pair of boots
Stlth    ..........             g - amulet of guardian spirit
HPRegen  0.21/turn              f - +4 ring of protection
MPRegen  0.11/turn              (no ring)

@: no status effects
A: no striking features
a: Renounce Religion


You were on level 6 of the Dungeon.
You worshipped Trog.
Trog was noncommittal.
You visited 2 branches of the dungeon, and saw 7 of its levels.
You also visited: Ossuary.

You collected 500 gold pieces.

Inventory:

Hand Weapons
 a - a +0 war axe
 c - a +1 spear of flaming
 d - a +0 vorpal flail
 o - a +4 whip (weapon)
 s - a +4 whip of venom
 u - a +0 vampiric spear
Missiles
 i - 22 sling bullets
 n - 23 poisoned darts (quivered)
Armour
 b - a +0 scale mail (worn)
 l - a +0 pair of boots (worn)
 B - a +2 kite shield (worn)
Jewellery
 f - a +4 ring of protection (left hand)
 g - an amulet of guardian spirit (around neck)
Wands
 z - a wand of digging (4)
Scrolls
 e - a scroll of identify
 m - 2 scrolls of magic mapping
 q - 2 scrolls of blinking
 r - a scroll of noise {unknown}
 x - a scroll of immolation {unknown}
 y - a scroll of enchant weapon {unknown}
 A - 2 scrolls of teleportation
 C - a scroll of torment {unknown}
Potions
 h - a potion of attraction
 j - a potion of flight
 k - 3 potions of berserk rage {unknown}
 p - 2 potions of brilliance
 t - 4 potions of curing
 v - 3 potions of heal wounds {unknown}
 w - a potion of invisibility {unknown}


   Skills:
 + Level 6.0 Fighting
 + Level 7.8(8.0) Axes
 + Level 1.6(4.4) Maces & Flails
 + Level 5.3 Armour
 + Level 1.8 Dodging
 * Level 1.5 Stealth
 + Level 5.3 Shields


You had 7 spell levels left.
You didn't know any spells.
Your spell library contained the following spells:

 Spells                   Type           Power      Damage    Failure   Level
 Animate Skeleton         Necr           0%         N/A       99%         1
 Pain                     Necr           0%         1d4       99%         1
 Sandblast                Erth           0%         2d4       99%         1
 Passwall                 Tmut/Erth      0%         N/A       100%        2
 Poisonous Vapours        Pois/Air       0%         N/A       100%        2
 Inner Flame              Hex/Fire       0%         N/A       100%        3
 Mephitic Cloud           Conj/Pois/Air  0%         N/A       100%        3
 Swiftness                Air            0%         N/A       100%        3
 Vampiric Draining        Necr           0%         2d6       100%        3
 Cause Fear               Hex            0%         N/A       100%        4
 Lee's Rapid Deconstruct  Erth           0%         3d5*      100%        5
 Discord                  Hex            0%         N/A       100%        8


Dungeon Overview and Level Annotations

Branches:
Dungeon (6/15)             Temple (1/1) D:4         Ossuary (visited)

Altars:
Ashenzari
Dithmenos
Elyvilon
Fedhas
Gozag
Hepliaklqana
Kikubaaqudgha
Nemelex Xobeh
Okawaru
Qazlal
Ru
Sif Muna
Trog
Uskayaw
Vehumet
Wu Jian
Xom
Zin

Shops:
D:3 *

Annotations:
D:4 2 transporters, andesha's ghost, novice TrBe


Message History

Trog accepts your kill. The steam dragon closely misses you.
The steam dragon claws you but does no damage.
Things that are here:
a +0 giant spiked club; an ogre corpse You hit the steam dragon but do no damage.
The steam dragon barely misses you. The steam dragon claws you.
You hit the steam dragon.
The steam dragon is lightly wounded.
The steam dragon breathes steam at you. The ball of steam misses you.
You hit the steam dragon.
The steam dragon is lightly wounded.
You are engulfed in a cloud of scalding steam.
The steam dragon completely misses you. You block the steam dragon's attack.
You closely miss the steam dragon.
The steam dragon is lightly wounded.
You are engulfed in a cloud of scalding steam.
The steam dragon bites you.
* * * LOW HITPOINT WARNING * * *
You block the steam dragon's attack.
You hit the steam dragon.
The steam dragon is moderately wounded.
The steam dragon breathes steam at you. The ball of steam hits you!
* * * LOW HITPOINT WARNING * * *
You are engulfed in a cloud of scalding steam.
* * * LOW HITPOINT WARNING * * *
Really walk into that cloud of steam? [Y]es or [N]o only, please.
Really walk into that cloud of steam? [Y]es or [N]o only, please.
Really walk into that cloud of steam?
Okay, then.
You hit the steam dragon.
The steam dragon is moderately wounded.
The steam dragon bites you.
* * * LOW HITPOINT WARNING * * *
The steam dragon claws you.
You die...

#############
#.......D@ยงยง#
*******#.#########.#
*,,,,,*#.##.D.D..#,#
,,,>,,*#D##.####.#,*
,,,,,,*#.##.# #.#,*
***,,**#....# #D#,*
*,,* ###### #.#,****
***..# #.#,,,,*
,,#..#
#########.###*,*


You could see a steam dragon (catching breath).

Vanquished Creatures
  Sigmund (D:4)
  An ogre (D:6)
  A bullfrog (D:6)
  2 scorpions
  A howler monkey (D:6)
  A bullfrog zombie (D:6)
  2 hounds
  A gnoll shaman (D:4)
  3 iguanas
  Natasha (thrice) (D:2)
  2 orc wizards (D:3)
  Terence (D:3)
  A hound zombie (D:3)
  8 mummies (Ossuary)
  6 gnolls
  4 adders
  A howler monkey skeleton (D:6)
  A worm (D:4)
  18 orcs
  3 bats (D:1)
  9 endoplasms
  2 giant cockroaches
  3 gnoll zombies (Ossuary)
  4 goblins
  7 hobgoblins
  3 jackals (D:1)
  3 quokkas
  10 ball pythons
  6 frilled lizards
  3 hobgoblin zombies (Ossuary)
  7 kobolds
  A kobold zombie (Ossuary)
  An orc zombie (Ossuary)
  5 rats
125 creatures vanquished.

Vanquished Creatures (others)
  3 plants (D:1)
3 creatures vanquished.

Grand Total: 128 creatures vanquished

Notes
Turn   | Place    | Note
-------+----------+-------------------------------------------
     0 | D:1      | omarspendo the Hill Orc Fighter began the quest for the
                  | Orb.
     0 | D:1      | Reached XP level 1. HP: 19/19 MP: 1/1
   319 | D:1      | Reached XP level 2. HP: 14/27 MP: 0/2
   469 | D:1      | Reached skill level 3 in Axes
   572 | D:1      | Found a faded altar of an unknown god.
  1191 | D:1      | Reached XP level 3. HP: 30/33 MP: 3/3
  1642 | D:2      | Found a shimmering altar of Xom.
  1755 | D:2      | Noticed Natasha
  1768 | D:2      | Killed Natasha
  1769 | D:2      | Reached XP level 4. HP: 40/40 MP: 4/4
  2096 | D:2      | Noticed Natasha
  2105 | D:2      | Killed Natasha
  2106 | D:2      | Reached skill level 4 in Axes
  2243 | D:2      | Noticed Natasha
  2250 | D:2      | Killed Natasha
  2251 | D:2      | Reached XP level 5. HP: 47/47 MP: 5/5
  2341 | D:3      | Noticed Terence
  2365 | D:3      | Killed Terence
  2366 | D:3      | Reached skill level 5 in Axes
  2762 | D:3      | Found Hishoall's General Store.
  3299 | D:3      | Reached skill level 1 in Dodging
  3299 | D:3      | Reached XP level 6. HP: 49/53 MP: 6/6
  4009 | D:4      | Found a broken altar of Ashenzari.
  4320 | D:4      | Noticed Sigmund
  4321 | D:4      | Found a sand-covered staircase.
  4326 | Ossuary  | Entered an ossuary
  4652 | Ossuary  | Reached skill level 6 in Axes
  5085 | D:4      | Killed Sigmund
  5086 | D:4      | Reached skill level 5 in Fighting
  5086 | D:4      | Reached XP level 7. HP: 57/61 MP: 5/7
  5086 | D:4      | Found a stormy altar of Qazlal.
  5095 | D:4      | Got the Almanac of Air
  5176 | D:4      | Reached skill level 7 in Axes
  5385 | D:4      | Found a staircase to the Ecumenical Temple.
  5393 | Temple   | Entered the Ecumenical Temple
  6022 | D:4      | Noticed andesha's ghost (novice TrBe)
  6050 | D:4      | Found a bloodstained altar of Trog.
  6079 | D:4      | Became a worshipper of Trog the Wrathful
  6130 | D:4      | Found a transporter.
  6335 | D:4      | Identified the +10 great mace of Equivalence {vorpal, rElec
                  | rC+}
  6337 | D:4      | Found a transporter.
  6749 | D:5      | Entered Level 5 of the Dungeon
  7661 | D:6      | Reached skill level 5 in Armour
  7661 | D:6      | Reached XP level 8. HP: 65/70 MP: 6/8
  7683 | D:6      | Reached skill level 5 in Shields
  7694 | D:6      | Reached skill level 1 in Stealth
  7733 | D:6      | Reached skill level 1 in Maces & Flails
  8554 | D:6      | HP: 2/70 [steam dragon] (8)]
  8555 | D:6      | Slain by a steam dragon

Illustrated notes

Levels and vault maps discovered:
D:1:      psy_arrival_fountain, layout_basic, hellmonk_ecumenical_altar_zigzags,
          minmay_tree_intersection
D:2:      layout_rooms, basic_altar, minmay_strange_pillars, kennysheep_donut,
          uniq_natasha
D:3:      layout_rooms, serial_shops, nicolae_square_shop,
          kennysheep_generic_room_13, uniq_terence
D:4:      layout_cave_pools, nicolae_qazlal_general_emergency,
          mainiacjoe_overflow_surrounded_room, nicolae_ashenzari_skybound,
          minmay_temple_entry_wispy, gammafunk_ghost_smash, enter_ossuary_5,
          kennysheep_generic_room_5, uniq_sigmund
D:5:      layout_rooms
D:6:      layout_basic
Temple:   bh_familiar_temple

Skill      XL: |  1  2  3  4  5  6  7  8 |
---------------+-------------------------+-----
Axes           | 3 4 5 6 7 |  7.8
Fighting       | 4 5 6 |  6.0
Shields        | 4 5 |  5.3
Armour         | 4 5 |  5.3
Dodging        | 1 |  1.8
Stealth        | 1 |  1.5
Maces & Flails | 1 |  1.6

Action                   |  1- 3 |  4- 6 |  7- 9 || total
-------------------------+-------+-------+-------++-------
Melee: War axe           |   101 |   211 |    88 ||   400
       Whip              |       |    30 |    88 ||   118
  Use: Scroll            |       |     6 |     4 ||    10
       Potion            |       |     1 |     1 ||     2
Armor: Scale mail        |    46 |   113 |    58 ||   217
Dodge: Dodged            |    34 |    80 |    47 ||   161
Block: Kite shield       |    52 |   123 |   126 ||   301
